 Dungeon Sprint DCSS version 0.27-a0-1193-g8631133539 (webtiles) character file.

Game seed: 8615865908642496179

26579 mhtbhm the Archmage (level 12, -4/62 HPs)
             Began as a Deep Elf Earth Elementalist on May 26, 2021.
             Was the Champion of Vehumet.
             Killed from afar by Qowa the pandemonium lord (33 damage)
             ... with damnation
             ... in the Dungeon (Sprint VII: "The Pits").
             The game lasted 00:19:06 (5657 turns).

mhtbhm the Archmage (Deep Elf Earth Elementalist)   Turns: 5657, Time: 00:19:07

Health: -4/62      AC:  5    Str:  7    XL:     12   Next: 99%
Magic:  36/45      EV: 15    Int: 26    God:    Vehumet [******]
Gold:   61         SH:  0    Dex: 15    Spells: 18/65 levels left

rFire    + + .     SeeInvis .   c - +3 rapier (holy)
rCold    + . .     Faith    .   (no shield)
rNeg     . . .     Spirit   .   l - +1 robe {Archmagi}
rPois    .         Reflect  .   C - +0 hat {Stlth+}
rElec    +         Harm     .   q - +0 cloak
rCorr    .         Rampage  .   (no gloves)
Will     ++...     NoTele   +   r - +0 pair of boots
Stlth    ++++......             y - amulet of the acrobat
HPRegen  0.20/turn              A - ring "Sazxod" {rElec Will+}
MPRegen  0.29/turn              B - ring "Deran" {Fly rF++ rC+ Str+2}

@: flying, studying Maces & Flails
A: no striking features
a: Renounce Religion


You were in the Dungeon.
You worshipped Vehumet.
Vehumet was exalted by your worship.
You visited 1 branch You collected 61 gold pieces.

Inventory:

Hand Weapons
 c - a +3 rapier of holy wrath (weapon)
Missiles
 b - 76 stones
 i - 10 silver javelins
 m - 2 curare-tipped darts (quivered)
Armour
 l - a +1 robe of the Archmagi (worn)
 q - a +0 cloak (worn)
 r - a +0 pair of boots (worn)
 C - a +0 hat of stealth (worn)
 E - the +5 fire dragon scales of Ruemuh {rF++ rC- Dex+3}
   (You found it in the Dungeon)

   It affects your dexterity (+3).
   It greatly protects you from fire.
   It makes you vulnerable to cold.
Jewellery
 n - a +3 ring of protection
 o - a +3 ring of evasion
 x - a ring of positive energy
 y - an amulet of the acrobat (around neck)
 z - an amulet of regeneration
 A - the ring "Sazxod" (left hand) {rElec Will+}
   (You found it in the Dungeon)

   [ring of willpower]

   It insulates you from electricity.
   It increases your willpower.
 B - the ring "Deran" (right hand) {Fly rF++ rC+ Str+2}
   (You took it off a skeletal warrior in the Dungeon)

   [ring of protection from cold]

   It affects your strength (+2).
   It greatly protects you from fire.
   It protects you from cold.
   It grants you flight.
 D - a ring of resist corrosion
Scrolls
 j - 5 scrolls of amnesia
 k - a scroll of summoning
 s - 4 scrolls of enchant weapon
 t - a scroll of fear
 u - 2 scrolls of fog
 v - a scroll of blinking
 w - 2 scrolls of identify
Potions
 a - 2 potions of invisibility
 d - 10 potions of curing
 e - 10 potions of heal wounds
 f - a potion of haste
 g - a potion of magic
 h - 4 potions of berserk rage
 p - 4 potions of brilliance
Miscellaneous
 F - a condenser vane


   Skills:
 - Level 2.0 Fighting
 + Level 6.6 Dodging
 + Level 6.1 Stealth
 O Level 27 Spellcasting
 + Level 4.8 Conjurations
 + Level 2.0 Transmutations
 * Level 1.8 Fire Magic
 + Level 23.0 Earth Magic


You had 18 spell levels left.
You knew the following spells:

 Your Spells              Type           Power      Damage    Failure   Level
a - Sandblast             Erth           100%       2d20      0%          1
b - Shock                 Conj/Air       100%       1d9       1%          1
c - Stone Arrow           Conj/Erth      100%       3d13      0%          3
d - Lee's Rapid Deconstr  Erth           62%        3d29*     0%          5
e - Petrify               Tmut/Erth      100%       N/A       1%          4
f - Fireball              Conj/Fire      34%        3d14      1%          5
g - Iron Shot             Conj/Erth      52%        9d10      1%          6
h - Bolt of Magma         Conj/Fire/Erth 46%        4d19      1%          5
i - Shatter               Erth           62%        3d46*     1%          9
j - Ignition              Fire           30%        3d10      99%         8

Your spell library contained the following spells:

 Spells                   Type           Power      Damage    Failure   Level
 Absolute Zero            Ice            25%        ∞         100%        9
 Passwall                 Tmut/Erth      83%        N/A       0%          2
 Beastly Appendage        Tmut           100%       N/A       1%          1
 Freeze                   Ice            100%       1d11      1%          1
 Magic Dart               Conj           100%       1d8       1%          1
 Searing Ray              Conj           100%       3d7       1%          2
 Slow                     Hex            51%        N/A       1%          2
 Wereblood                Tmut           62%        N/A       1%          2
 Dazzling Flash           Conj/Hex       100%       N/A       1%          3
 Frozen Ramparts          Ice            100%       1d12      1%          3
 Spider Form              Tmut/Pois      28%        N/A       1%          3
 Fulminant Prism          Conj/Hex       32%        3d16      1%          4
 Hailstorm                Conj/Ice       64%        3d14      1%          4
 Iskenderun's Mystic Bla  Conj/Tloc      64%        2d13      1%          4
 Borgnjor's Vile Clutch   Necr/Erth      48%        N/A       1%          5
 Ozocubu's Armour         Ice            51%        N/A       2%          3
 Portal Projectile        Hex/Tloc       100%       N/A       2%          3
 Ice Form                 Ice/Tmut       57%        N/A       5%          4
 Hydra Form               Tmut           31%        N/A       10%         5
 Metabolic Englaciation   Hex/Ice        25%        N/A       22%         5


Dungeon Overview and Level Annotations

Branches:
Dungeon (1/1)

Altars:
Ashenzari
Cheibriados
Dithmenos
Elyvilon
Fedhas
Gozag
Hepliaklqana
Kikubaaqudgha
Makhleb
Nemelex Xobeh
Okawaru
Qazlal
Ru
Sif Muna
Trog
Uskayaw
Vehumet
Wu Jian
Xom
Yredelemnul
Zin
The Shining One
Beogh
Jiyva
Lugonu


Message History

Aiming: Lee's Rapid Deconstruction (safe; 0% risk of failure)
Press: ? - help, Dir - move target A metal wall.
You feel a surge of power!
The metal wall shatters!
The blast of metal fragments hits Qowa!!!
Qowa is heavily wounded.
The blast of metal fragments hits the ball lightning!!!
The ball lightning explodes!
The blast of lightning engulfs the ball lightning.
The ball lightning completely resists.
The blast of lightning engulfs Qowa.
Qowa resists.
The blast of lightning engulfs the ball lightning.
The ball lightning completely resists.
The blast of lightning engulfs the ball lightning.
The ball lightning completely resists.
The ball lightning explodes!
The blast of lightning engulfs the ball lightning.
The ball lightning completely resists.
The blast of lightning engulfs you. You resist. Qowa gestures at you.
The sphere of damnation explodes!
The damnation engulfs you!!
Ouch! That really hurt!
* * * LOW HITPOINT WARNING * * *
Unknown command.
Unknown command.
You feel much better. Qowa gestures at you.
The sphere of damnation explodes!
The damnation engulfs you!!
* * * LOW HITPOINT WARNING * * *
The ball lightning explodes!
The blast of lightning engulfs you. You resist.
* * * LOW HITPOINT WARNING * * *
The blast of lightning engulfs the ball lightning.
The ball lightning completely resists.
Unknown command.
You feel much better. Qowa gestures at you.
The sphere of damnation explodes!
The damnation engulfs you!!
Ouch! That really hurt!
You die...

..#..# .....# .....#
..#..##++#++# .....''..'..+
.....''..'..+ ###''########
###''############################
.##........&.*..@............&...
.##....*...............(.........
.##..##############++############
.##..# .##..# .##..# .##..#
.##..# ###(.#


You could see Qowa and a ball lightning.

Vanquished Creatures
  Gastronok (D)
  2 minotaurs (D)
  A dire elephant (D)
  An eidolon (D)
  3 great orbs of eyes (D)
  2 hydras (D)
  A death knight (D)
  A sun demon (D)
  2 skeletal warriors (D)
  A flayed ghost (D)
  A sea snake (D)
  A wizard (D)
  A bog body (D)
  A wolf spider (D)
  A cyclops (D)
  An orc sorcerer (D)
  2 black mambas (D)
  An elephant (D)
  An orange demon (D)
  A gargoyle (D)
  3 kobold demonologists (D)
  A freezing wraith (D)
  3 trolls (D)
  A demonic crawler (D)
  2 guardian mummies (D)
  A hellwing (D)
  A polar bear (D)
  6 dream sheep (D)
  7 blink frogs (D)
  Sigmund (D)
  A redback (D)
  A water elemental (D)
  A spriggan (D)
  2 shadows (D)
  A wyvern (D)
  2 wraiths (D)
  A fire bat (D)
  A small abomination (D)
  A fire elemental (D)
  A tarantella (D)
  Grum (D)
  A basilisk (D)
  5 yaks (D)
  A steam dragon (D)
  A neqoxec (D)
  5 hell hounds (D)
  A floating eye (D)
  A swamp drake (D)
  2 black bears (D)
  2 large abominations (D)
  A necrophage (D)
  7 wolves (D)
  4 kobold brigands (D)
  A bullfrog (D)
  A gnoll sergeant (D)
  An earth elemental (D)
  2 jellies (D)
  A quasit (D)
  A gnoll shaman (D)
  A hell rat (D)
  An iguana (D)
  An orc wizard (D)
  2 mummies (D)
  An adder (D)
  9 gnolls (D)
  2 river rats (D)
  An ufetubus (D)
  An adder zombie (D)
  4 orcs (D)
  A giant cockroach (D)
  A goblin (D)
  2 hobgoblins (D)
  3 jackals (D)
  A ball python (D)
  A ball python skeleton (D)
  A ball python zombie (D)
  A frilled lizard (D)
  A giant cockroach simulacrum (D)
  3 kobolds (D)
  A quokka simulacrum (D)
  A rat (D)
  2 ball lightnings (D)
145 creatures vanquished.

Vanquished Creatures (others)
  2 ball lightnings (D)
2 creatures vanquished.

Grand Total: 147 creatures vanquished

Notes
Turn   | Place    | Note
-------+----------+-------------------------------------------
     0 | D        | mhtbhm the Deep Elf Earth Elementalist began the quest for
                  | the Orb.
     0 | D        | Reached XP level 1. HP: 10/10 MP: 6/6
    15 | D        | Reached skill level 4 in Spellcasting
    15 | D        | Reached XP level 2. HP: 15/15 MP: 3/9
   174 | D        | Found a bloodstained altar of Trog.
   174 | D        | Found a shimmering blue altar of Sif Muna.
   174 | D        | Found a viscous altar of Jiyva.
   174 | D        | Found a hazy altar of Hepliaklqana.
   174 | D        | Found an opulent altar of Gozag.
   175 | D        | Found a glowing golden altar of the Shining One.
   175 | D        | Found a glowing silver altar of Zin.
   175 | D        | Found a basalt altar of Yredelemnul.
   175 | D        | Found a shimmering altar of Xom.
   175 | D        | Found an ornate altar of the Wu Jian Council.
   175 | D        | Found a sacrificial altar of Ru.
   175 | D        | Found a stormy altar of Qazlal.
   175 | D        | Found an iron altar of Okawaru.
   175 | D        | Found a sparkling altar of Nemelex Xobeh.
   175 | D        | Found a burning altar of Makhleb.
   175 | D        | Found a blossoming altar of Fedhas.
   175 | D        | Found a white marble altar of Elyvilon.
   175 | D        | Found a shadowy altar of Dithmenos.
   175 | D        | Found a snail-covered altar of Cheibriados.
   177 | D        | Found a radiant altar of Vehumet.
   177 | D        | Found a corrupted altar of Lugonu.
   178 | D        | Found a hide-covered altar of Uskayaw.
   178 | D        | Found an ancient bone altar of Kikubaaqudgha.
   178 | D        | Found a broken altar of Ashenzari.
   185 | D        | Became a worshipper of Vehumet
   224 | D        | Noticed a floating eye
   233 | D        | Killed a floating eye
   234 | D        | Reached skill level 6 in Spellcasting
   234 | D        | Reached XP level 3. HP: 19/19 MP: 8/13
   234 | D        | Reached XP level 4. HP: 24/24 MP: 8/14
   283 | D        | Reached * piety under Vehumet
   283 | D        | Offered knowledge of Shock by Vehumet.
   287 | D        | Reached ** piety under Vehumet
   316 | D        | Reached skill level 7 in Spellcasting
   316 | D        | Reached XP level 5. HP: 28/28 MP: 13/17
   318 | D        | Learned a level 1 spell: Shock
   322 | D        | Learned a level 3 spell: Stone Arrow
   328 | D        | Learned a level 5 spell: Lee's Rapid Deconstruction
   333 | D        | Learned a level 4 spell: Petrify
   344 | D        | Offered knowledge of Magic Dart by Vehumet.
   344 | D        | Reached *** piety under Vehumet
   496 | D        | Reached **** piety under Vehumet
   497 | D        | Reached skill level 5 in Stealth
   497 | D        | Reached skill level 8 in Spellcasting
   501 | D        | Offered knowledge of Conjure Flame by Vehumet.
   506 | D        | Reached ***** piety under Vehumet
   507 | D        | Reached skill level 9 in Spellcasting
   509 | D        | Noticed Sigmund
   512 | D        | Killed Sigmund
   513 | D        | Reached skill level 5 in Dodging
   513 | D        | Reached skill level 11 in Spellcasting
   513 | D        | Reached XP level 6. HP: 32/32 MP: 16/22
   704 | D        | Offered knowledge of Olgreb's Toxic Radiance by Vehumet.
   705 | D        | Reached skill level 12 in Spellcasting
   705 | D        | Reached skill level 1 in Conjurations
   822 | D        | Noticed a gargoyle
   825 | D        | Killed a gargoyle
   826 | D        | Reached skill level 13 in Spellcasting
   826 | D        | Reached XP level 7. HP: 36/36 MP: 8/26
  1091 | D        | Noticed a fire bat
  1092 | D        | Killed a fire bat
  1092 | D        | Offered knowledge of Fireball by Vehumet.
  1092 | D        | Reached ****** piety under Vehumet
  1093 | D        | Reached skill level 14 in Spellcasting
  1093 | D        | Reached XP level 8. HP: 42/42 MP: 25/28
  1112 | D        | Learned a level 5 spell: Fireball
  1112 | D        | Noticed an elephant
  1113 | D        | Offered knowledge of Iron Shot by Vehumet.
  1119 | D        | Killed an elephant
  1120 | D        | Reached skill level 15 in Spellcasting
  1440 | D        | Reached skill level 16 in Spellcasting
  1608 | D        | Learned a level 6 spell: Iron Shot
  1615 | D        | Noticed an orc sorcerer
  1617 | D        | Offered knowledge of Bolt of Magma by Vehumet.
  1618 | D        | Killed an orc sorcerer
  1619 | D        | Reached skill level 17 in Spellcasting
  1619 | D        | Reached XP level 9. HP: 46/46 MP: 28/32
  1825 | D        | Noticed a flayed ghost
  1825 | D        | Noticed a guardian mummy
  1830 | D        | Killed a flayed ghost
  1830 | D        | Killed a guardian mummy
  1831 | D        | Reached skill level 18 in Spellcasting
  1831 | D        | Reached skill level 15 in Earth Magic
  1910 | D        | Learned a level 5 spell: Bolt of Magma
  1918 | D        | Noticed a troll
  1921 | D        | Killed a troll
  1922 | D        | Reached skill level 19 in Spellcasting
  2084 | D        | Offered knowledge of Orb of Destruction by Vehumet.
  2085 | D        | Reached XP level 10. HP: 31/51 MP: 35/35
  2087 | D        | Reached skill level 20 in Spellcasting
  2226 | D        | Noticed a four-headed hydra
  2228 | D        | Killed a four-headed hydra
  2228 | D        | Offered knowledge of Ozocubu's Refrigeration by Vehumet.
  2229 | D        | Reached skill level 21 in Spellcasting
  2494 | D        | Noticed a minotaur
  2495 | D        | Noticed a sea snake
  2499 | D        | Reached skill level 1 in Fighting
  2509 | D        | Killed a sea snake
  2523 | D        | Killed a minotaur
  2524 | D        | Reached skill level 22 in Spellcasting
  2524 | D        | Reached XP level 11. HP: 56/56 MP: 37/39
  2524 | D        | Offered knowledge of Starburst by Vehumet.
  2956 | D        | Offered knowledge of Yara's Violent Unravelling by Vehumet.
  3271 | D        | Got the ring "Sazxod" {rElec Will+}
  3347 | D        | Offered knowledge of Chain Lightning by Vehumet.
  3348 | D        | Reached skill level 23 in Spellcasting
  3412 | D        | Noticed a great orb of eyes
  3415 | D        | Killed a great orb of eyes
  3416 | D        | Reached skill level 1 in Fire Magic
  3655 | D        | Noticed a bog body
  3658 | D        | Killed a bog body
  3658 | D        | Offered knowledge of Shatter by Vehumet.
  3658 | D        | Offered knowledge of Ignition by Vehumet.
  3658 | D        | Offered knowledge of Absolute Zero by Vehumet.
  3804 | D        | Noticed a sun demon
  3807 | D        | Killed a sun demon
  3808 | D        | Reached skill level 24 in Spellcasting
  4058 | D        | Noticed a four-headed hydra
  4071 | D        | Killed a four-headed hydra
  4371 | D        | Noticed a minotaur
  4377 | D        | Killed a minotaur
  4378 | D        | Reached XP level 12. HP: 33/61 MP: 25/42
  4572 | D        | Noticed a dire elephant
  4575 | D        | Reached skill level 25 in Spellcasting
  4578 | D        | Killed a dire elephant
  4768 | D        | Got the Reference Book on Dusty Enchantment
  4924 | D        | Noticed Grum
  4925 | D        | Killed Grum
  4925 | D        | Killed a great orb of eyes
  4925 | D        | Noticed a great orb of eyes
  4926 | D        | Killed a great orb of eyes
  4928 | D        | Reached skill level 26 in Spellcasting
  4939 | D        | Noticed a death knight
  4942 | D        | Killed a death knight
  4945 | D        | Noticed an eidolon
  4947 | D        | Killed an eidolon
  4955 | D        | Noticed Gastronok
  4959 | D        | Identified the ring "Deran" {Fly rF++ rC+ Str+2}
  4968 | D        | Killed Gastronok
  4969 | D        | Reached skill level 27 in Spellcasting
  5235 | D        | Got the +5 fire dragon scales of Ruemuh {rF++ rC- Dex+3}
  5275 | D        | Learned a level 9 spell: Shatter
  5284 | D        | Learned a level 8 spell: Ignition
  5368 | D        | Noticed Qowa the pandemonium lord
  5656 | D        | HP: 1/62 [spore (4)]
  5657 | D        | Killed from afar by Qowa the pandemonium lord

Illustrated notes

Levels and vault maps discovered:
D:        pitsprint [storerooms_1, entrance_room_1, metal_vault_2, armoury_1,
          mini_pit_1, grid_room_1, main_hall_1, silver_pit, the_coven_2,
          the_vestibule_1, steel_vault_5, golden_pit, hallway_of_sentries,
          crystal_vault_6, iron_vault_1, final_vault]

Skill      XL: |  1  2  3  4  5  6  7  8  9 10 11 12 |
---------------+-------------------------------------+-----
Spellcasting   | 4 6 7 11 13 14 17 19 22 24 27 | 27.0
Earth Magic    | 4 8 11 12 14 16 18 20 23 | 23.0
Dodging        | 4 5 6 |  6.6
Stealth        | 4 5 6 |  6.1
Conjurations   | 2 3 4 |  4.8
Fighting       | 1 2 |  2.0
Fire Magic     | 1 |  1.8
Transmutations | 2 |  2.0

Action                   |  1- 3 |  4- 6 |  7- 9 | 10-12 || total
-------------------------+-------+-------+-------+-------++-------
 Cast: Sandblast         |     5 |    12 |       |     1 ||    18
       Lee's Rapid Decon |       |    10 |    18 |    94 ||   122
       Stone Arrow       |       |     6 |     2 |     3 ||    11
       Iron Shot         |       |       |     1 |     2 ||     3
       Fireball          |       |       |       |     2 ||     2
       Petrify           |       |       |       |     2 ||     2
  Use: Potion            |       |     1 |       |    14 ||    15
       Scroll            |       |       |       |     3 ||     3
Armor: Robe              |     1 |       |       |     2 ||     3
Dodge: Dodged            |       |     3 |     2 |    20 ||    25

Table legend: (Time is in decaauts)
 A = Elapsed time spent in this place.
 B = Non-inter-level travel time spent in this place.
 C = Inter-level travel time spent in this place.
 D = Time resting spent in this place.
 E = Time spent auto-exploring this place.
 F = Levels seen in this place.
 G = Mean time per level.
                   A        B        C        D        E       F      G
               +--------+--------+--------+--------+--------+-----+--------+
         Total |   5635 |   5635 |      0 |   4160 |    161 |   1 | 5635.0 |
       Dungeon |   5635 |   5635 |      0 |   4160 |    161 |   1 | 5635.0 |
               +--------+--------+--------+--------+--------+-----+--------+

Top non-repeatable levels by time:
       D: 5635 daAuts
